 Dungeon Crawl Stone Soup version 0.31.0-9-g3a7656b989 (webtiles) character file.

Game seed: 7304757300219819651

15 EnegeticOcto the Changeling (level 2, 0/22 HPs)
             Began as a Formicid Shapeshifter on Jan 31, 2024.
             Slain by Terence
             ... wielding a +0 flail
              (7 damage)
             ... on level 2 of the Dungeon.
             The game lasted 00:00:55 (988 turns).

EnegeticOcto the Changeling (Formicid Shapeshifter)  Turns: 988, Time: 00:00:56

Health: 0/22       AC:  2    Str: 18    XL:     2   Next: 65%
Magic:  2/2        EV: 12    Int:  9    God:
Gold:   71         SH:  0    Dex: 13    Spells: 1/1 levels left

rFire   . . .        e - +0 war axe
rCold   . . .        (no shield)
rNeg    . . .        a - +0 animal skin
rPois   .            (helmet unavailable)
rElec   .            (cloak currently unavailable)
rCorr   .            (gloves currently unavailable)
SInv    +            (boots currently unavailable)
Will    .....        (no amulet)
Stlth   +            (no ring)
HPRegen 0.23/turn    (no ring)
MPRegen 0.08/turn

%: no passive effects
@: beast-form
A: beast (slay +1), permanent stasis, dig shafts and tunnels, antennae 3, four
strong arms
a: Dig, Shaft Self, Begin Untransformation


You were on level 2 of the Dungeon.
You were a hulking beast.
You visited 1 branch of the dungeon, and saw 2 of its levels.

You collected 71 gold pieces.

Inventory:

Hand Weapons
 e - a +0 war axe (weapon)
   (You found it on level 1 of the Dungeon)
Missiles
 h - 6 boomerangs (quivered)
Armour
 a - a +0 animal skin (worn)
Scrolls
 f - a scroll of fog {unknown}
 g - a scroll of revelation {unknown}
Potions
 b - a potion of lignification {@q6}


   Skills:
 + Level 1.7 Fighting
 * Level 1.6 Axes
 - Level 1.7 Dodging
 - Level 3.0 Unarmed Combat
 - Level 3.2 Shapeshifting


You had one spell level left.
You didn't know any spells.
Your spell library contained the following spells:

 Spells                   Type           Power      Damage    Failure   Level
 Magic Dart               Conj           0%         1d3       38%         1
 Call Imp                 Summ           0%         N/A       52%         2
 Blink                    Tloc           Unusable   N/A       N/A         2

Dungeon Overview and Level Annotations

Branches:
Dungeon (2/15) Zot: 10994

Altars:

Annotations:
D:2 Terence


Innate Abilities, Weirdness & Mutations

You are a hulking beast.
Your limbs bulge with bestial killing power. (Slay +1)
You cannot be hasted, slowed, berserked, paralysed or teleported.
You can dig through walls and to a lower floor.
You have a pair of large antennae on your head. (SInv)
Your four strong arms can wield two-handed weapons with a shield.


Message History

You closely miss the goblin. The goblin closely misses you.
You barely miss the goblin. The goblin barely misses you.
The goblin hits you but does no damage.
You barely miss the goblin. The goblin misses you.
You barely miss the goblin.
The goblin hits you with a +0 dagger. x2
A goblin is nearby!
A goblin is nearby!
You closely miss the goblin. The goblin misses you.
You slash the goblin!
You kill the goblin!
No target in view!
No target in view!
No target in view!
No target in view!
Things that are here:
a +0 dagger; a goblin corpse You see here a hobgoblin skeleton.
A ball python comes into view.
A ball python is nearby!
A ball python is nearby!
The ball python hisses angrily.
The ball python closely misses you. The ball python grabs you.
The ball python constricts you. The ball python misses you.
The ball python constricts you.
You hit the ball python.
The ball python is moderately wounded.
The ball python closely misses you. The ball python constricts you.
You slash the ball python!
You kill the ball python!
No target in view!
Found a whip.
You sense a monster nearby.
A goblin comes into view. It is wielding a +0 club.
A rat comes into view.
The goblin shouts!
The rat squeaks loudly.
You slash the goblin!
You kill the goblin!
The rat twitches its whiskers.
You see here a +0 club.
You slash the rat!
You kill the rat!
No target in view!
No target in view!
No target in view!
No target in view!
No target in view!
You see here a rat corpse.
There is a stone staircase leading down here.
There is a stone staircase leading down here.
Done exploring.
Done exploring.
Done exploring.
Okay, then.
Search for what [? for help]? .
You drop a beast talisman.
You drop a flux talisman.
Done exploring.
Done exploring.
(D) Dungeon
Where to? (Tab/Enter - D:1 @ (x,y), ? - help)
There is a stone staircase leading down here.
You climb downwards.
Terence shouts!
You sense a monster nearby.
Found 7 gold pieces.
There is a stone staircase leading up here.
You climb upwards.
There is a stone staircase leading down here.
There is a stone staircase leading down here.
You climb downwards.
Level annotation: Terence
There is a stone staircase leading up here.
You slash the ribbon worm!
The ribbon worm is heavily wounded.
The ribbon worm bites you but does no damage.
You hit the ribbon worm but do no damage.
The ribbon worm is heavily wounded.
Terence screams, "I'm going to kill you!"
The ribbon worm bites you but does no damage.
The ribbon worm bites you!
There is a stone staircase leading up here.
Terence hits you with a +0 flail.
Found a scroll labelled DIAHEKHLEKKI.
You barely miss Terence. Terence barely misses you. Terence misses you.
You closely miss Terence. Terence closely misses you.
You hit Terence.
Terence is moderately wounded.
Terence barely misses you. x2
You barely miss Terence.
Terence is moderately wounded.
Terence barely misses you.
You hit Terence.
Terence is heavily wounded.
Terence barely misses you.
You barely miss Terence.
Terence is heavily wounded.
Terence hits you with a +0 flail! x2
You die...
Terence says, "That felt goooood."

.. #.######
# #......#
.#
#......##.
#.........
#.<.......
#......##.#
###.##.##.#
#h@w...#
#.###..$#
#. .....#
#. .......#
#.#.......#
.?........#
.........##
........##


You could see Terence and a ribbon worm.

Vanquished Creatures
  5 goblins (D:1)
  A hobgoblin (D:1)
  4 ball pythons (D:1)
  A bat (D:1)
  A frilled lizard (D:1)
  2 kobolds (D:1)
  2 rats (D:1)
16 creatures vanquished.

Notes
Turn   | Place    | Note
-------+----------+-------------------------------------------
     0 | D:1      | EnegeticOcto the Formicid Shapeshifter began the quest for
                  | the Orb.
     0 | D:1      | Reached XP level 1. HP: 15/15 MP: 1/1
   241 | D:1      | Reached skill level 1 in Axes
   281 | D:1      | Reached XP level 2. HP: 21/21 MP: 2/2
   546 | D:1      | Found a faded altar of an unknown god.
   935 | D:2      | Noticed Terence
   988 | D:2      | Slain by Terence

Illustrated notes

Levels and vault maps discovered:
D:1:      dpeg_arrival_simpleton_a, layout_basic,
          ebering_ecumenical_altar_sacrificial
D:2:      layout_loops_ring, uniq_terence

Skill      XL: |  1 |
---------------+----+-----
Axes           | 1 |  1.6
Fighting       | |  1.7
Dodging        | |  1.7
Unarmed Combat | |  3.0
Shapeshifting  | |  3.2

Action                     || total
---------------------------++-------
  Melee: War axe           ||    38
         Punch             ||     1
   Stab: Sleeping          ||     2
 Armour: Animal skin       ||    20
  Dodge: Dodged            ||    34

Table legend:
 A = Kills in this place as a percentage of kills in the entire game.
 B = Kills by you in this place as a percentage of kills by you in the entire game.
 C = Kills by friends in this place as a percentage of kills by friends in the entire game.
 D = Other kills in this place as a percentage of other kills in the entire game.
 E = Experience gained in this place as a percentage of experience gained in the entire game.
 F = Experience gained in this place divided by the number of levels of this place that you have seen.
                   A       B       C       D       E      F
               +-------+-------+-------+-------+-------+----------------------
         Total | 100.0 | 100.0 |   N/A |   N/A | 100.0 |  11.0
       Dungeon | 100.0 | 100.0 |   N/A |   N/A | 100.0 |  11.0
               +-------+-------+-------+-------+-------+----------------------

Table legend: (Time is in decaauts)
 A = Elapsed time spent in this place.
 B = Non-inter-level travel time spent in this place.
 C = Inter-level travel time spent in this place.
 D = Time resting spent in this place.
 E = Time spent auto-exploring this place.
 F = Levels seen in this place.
 G = Mean time per level.
                   A        B        C        D        E       F      G
               +--------+--------+--------+--------+--------+-----+--------+
         Total |   1003 |    931 |     72 |      0 |    783 |   2 |  501.5 |
       Dungeon |   1003 |    931 |     72 |      0 |    783 |   2 |  501.5 |
               +--------+--------+--------+--------+--------+-----+--------+

Top non-repeatable levels by time:
     D:1: 987 daAuts
     D:2: 16 daAuts
